 Dungeon Crawl Stone Soup version 0.25.1-2-g60ff931df9 (webtiles) character file.

Game seed: 6895344382842105816

132 Ch1lls the Chopper (level 5, -2/47 HPs)
             Began as a Hill Orc Berserker on Aug 3, 2020.
             Was a Believer of Trog.
             Slain by Edmund
             ... wielding a +4 dire flail of protection
              (3 damage)
             ... on level 4 of the Dungeon.
             The game lasted 00:08:50 (2136 turns).

Ch1lls the Chopper (Hill Orc Berserker)             Turns: 2136, Time: 00:08:51

Health: -2/47      AC: 11    Str: 21    XL:     5   Next: 15%
Magic:  5/5        EV:  1    Int:  7    God:    Trog [**....]
Gold:   121        SH: 11    Dex: 10    Spells: 4/4 levels left

rFire    . . .     SeeInvis .   a - +0 hand axe
rCold    . . .     Gourm    .   u - +0 tower shield
rNeg     . . .     Faith    .   p - +0 plate armour
rPois    .         Spirit   .   (no helmet)
rElec    .         Reflect  .   (no cloak)
rCorr    .         Harm     .   (no gloves)
MR       .....                  (no boots)
Stlth    ..........             (no amulet)
HPRegen  0.15/turn              (no ring)
MPRegen  0.09/turn              (no ring)

@: no status effects
A: no striking features
a: Berserk, Trog's Hand, Renounce Religion


You were on level 4 of the Dungeon.
You worshipped Trog.
Trog was pleased with you.
You were not hungry.

You visited 1 branch of the dungeon, and saw 4 of its levels.

You collected 121 gold pieces.

Inventory:

Hand Weapons
 a - a +0 hand axe (weapon)
Armour
 b - a +0 animal skin
 d - a +0 ring mail
 p - a +0 plate armour (worn)
 u - a +0 tower shield (worn)
Jewellery
 l - a cursed ring of attention {unknown}
 t - an uncursed ring of stealth {unknown}
 y - an uncursed ring of positive energy {unknown}
Scrolls
 e - 2 scrolls of remove curse {unknown}
 f - a scroll of enchant armour {unknown}
 g - 4 scrolls of identify {unknown}
 h - a scroll of blinking {unknown}
 n - a scroll of amnesia {unknown}
 r - a scroll of random uselessness {unknown}
 s - a scroll of immolation {unknown}
Potions
 i - a potion of cancellation {unknown}
 k - 2 potions of flight {unknown}
 m - a potion of invisibility {unknown}
 o - 2 potions of heal wounds {unknown}
 q - 2 potions of lignification {unknown}
 v - a potion of ambrosia {unknown}
 x - a potion of brilliance {unknown}
Comestibles
 c - 7 rations


   Skills:
 + Level 4.8 Fighting
 + Level 6.0 Axes
 + Level 0.6 Throwing
 + Level 2.5 Armour
 + Level 1.8 Dodging
 + Level 0.2 Stealth


You had 4 spell levels left.
You didn't know any spells.
Your spell library was empty.

Dungeon Overview and Level Annotations

Branches:
Dungeon (4/15)
 Temple: D:4-7

Altars:
Gozag
Uskayaw
Wu Jian

Annotations:
D:4 Edmund


Message History

Edmund is almost dead.
Edmund hits you with a +4 dire flail of protection!
* * * LOW HITPOINT WARNING * * *
You hit Edmund but do no damage.
Edmund is almost dead.
You block Edmund's attack.
Your shield and plate armour prevent you from hitting Edmund.
Edmund is almost dead.
Edmund hits you with a +4 dire flail of protection.
* * * LOW HITPOINT WARNING * * *
You hit Edmund but do no damage.
Edmund is almost dead.
You block Edmund's attack.
You hit Edmund but do no damage.
Edmund is almost dead.
You block Edmund's attack.
You hit Edmund but do no damage.
Edmund is severely wounded.
Edmund hits you with a +4 dire flail of protection.
You die...

# #..# #..#
#..# # #..#
#. #..# #.
#..####.# #..
#.......#
#>.##.##...##
#(.@@......#
##.#.###...#
# #.# .## #.#
# #.# #.# #.#
#.# ###


You could see Edmund.

Vanquished Creatures
  6 adders
  An ooze (D:1)
  A worm (D:3)
  5 dart slugs
  3 orcs (D:3)
  5 ball pythons
  2 giant cockroaches
  8 goblins
  8 hobgoblins
  5 kobolds
  3 quokkas
  5 bats (D:1)
  3 frilled lizards
  4 rats
59 creatures vanquished.

Notes
Turn   | Place    | Note
-------+----------+-------------------------------------------
     0 | D:1      | Ch1lls the Hill Orc Berserker began the quest for the Orb.
     0 | D:1      | Reached XP level 1. HP: 19/19 MP: 1/1
   330 | D:1      | Reached XP level 2. HP: 24/27 MP: 2/2
   579 | D:1      | Reached ** piety under Trog
   579 | D:1      | Reached XP level 3. HP: 34/34 MP: 3/3
   737 | D:2      | Found a hide-covered altar of Uskayaw.
   979 | D:2      | Reached skill level 5 in Axes
  1105 | D:2      | Reached XP level 4. HP: 39/41 MP: 4/4
  1624 | D:3      | Found an ornate altar of the Wu Jian Council.
  1687 | D:3      | Found an opulent altar of Gozag.
  1818 | D:3      | Reached XP level 5. HP: 29/47 MP: 5/5
  1959 | D:3      | Reached skill level 6 in Axes
  2098 | D:4      | Noticed Edmund
  2131 | D:4      | HP: 1/47 [Edmund/+4 dire flail of protection (9)]
  2136 | D:4      | Slain by Edmund

Illustrated notes

Levels and vault maps discovered:
D:1:      elethiomel_arrival_maze, layout_loops_corners
D:2:      layout_basic, eat_drink_and_be_merry_uskayaw
D:3:      layout_rooms, lemuel_crystal_altar, lemuel_crystal_altar, nrook_uturn
D:4:      layout_loops_ring, serial_shops, shop_statue,
          nicolae_qazlal_eye_of_the_storm, uniq_robin, uniq_crazy_yiuf_cottage,
          uniq_edmund

Skill      XL: |  1  2  3  4  5 |
---------------+----------------+-----
Fighting       | 4 |  4.8
Axes           | 5 6 |  6.0
Throwing       | |  0.6
Armour         | |  2.5
Dodging        | |  1.8
Stealth        | |  0.2

Action                   |  1- 3 |  4- 6 || total
-------------------------+-------+-------++-------
Melee: Hand axe          |    99 |   131 ||   230
Throw: Javelin           |     6 |    19 ||    25
  Eat: Chunk             |       |     4 ||     4
Armor: Ring mail         |    45 |       ||    45
       Plate armour      |     1 |    94 ||    95
Dodge: Dodged            |    83 |    26 ||   109
Block: Tower shield      |       |    33 ||    33
